AoeStats
← GoldPhantom

Black Forest

507987309Analyzed
3v3 RM · 13d ago on Sep 20, 2026· 28m 37s· 6 players
Game mode
Random Map
Map size
Normal (6 player)
Population
200
Speed
Normal
Resources
Standard
Victory
Conquest
Starting age
Dark Age
Ending age
Imperial Age
RankedLock teamsTeams togetherTeam positionsShared explorationLock speedFull tech treeHidden civsTurbo modeCheats
Victory
Defeat
🇹🇼 Magyars · Taiwan
902
+17
🇭🇰 Lithuanians · Hong Kong SAR China
902
+17
🇹🇼 Burgundians · Taiwan
859
+46
🇳🇱 Burgundians · Netherlands
958
-19
🇩🇪 Celts · Germany
926
-18
🇭🇰 Lithuanians · Hong Kong SAR China
855
-15
鬼祟君_HK
14:36 Feudal Age
14:39 Man-at-Arms
15:09 Arson
17:08 Wheelbarrow
17:35 Forging
17:28 Horse Collar
17:36 Town Watch
18:30 Loom
18:57 Scale Mail Armor
20:15 Double-Bit Axe
21:01 Scale Barding Armor
22:45 Bloodlines
25:46 Castle Age
23:57 Gold Mining
24:46 Fletching
26:05 Padded Archer Armor
27:09 Hand Cart
27:37 Heavy Plow
27:02 Long Swordsman
27:57 Pikeman
caachris83
12:53 Feudal Age
15:20 Horse Collar
20:43 Castle Age
18:58 Double-Bit Axe
20:01 Heavy Plow
22:21 Wheelbarrow
27:07 Scale Barding Armor
27:32 Forging
27:46 Cavalier
ZIV_83tw
10:30 Feudal Age
9:22 Loom
18:55 Castle Age
18:03 Double-Bit Axe
23:05 Horse Collar
26:08 Scale Barding Armor
27:57 Husbandry
28:07 Bloodlines
GoldPhantom
0:35 Loom
15:39 Feudal Age
17:20 Man-at-Arms
21:25 Double-Bit Axe
28:07 Castle Age
27:58 Fletching
28:47 Gold Mining
Hoodie Melo
0:32 Loom
11:03 Feudal Age
16:38 Castle Age
14:22 Horse Collar
14:56 Double-Bit Axe
17:36 Bow Saw
18:25 Wheelbarrow
19:07 Town Watch
19:36 Heavy Plow
24:40 Hand Cart
24:25 Town Patrol
26:11 Town Patrol
27:25 Fletching
27:48 Scale Mail Armor
27:58 Forging
27:44 Stone Mining
28:50 Bodkin Arrow
Jeurus2
5:14 Loom
7:40 Double-Bit Axe
11:55 Feudal Age
10:40 Horse Collar
13:01 Bow Saw
18:04 Gold Mining
18:18 Heavy Plow
18:46 Fletching
23:24 Castle Age
24:27 Wheelbarrow
23:53 Crossbowman
24:38 Bodkin Arrow
24:44 Padded Archer Armor
27:24 Pikeman
28:05 Squires
27:35 Cavalier
Connection lost

Rejoining the realm…

Still unreachable

The connection could not be restored.

Session expired

The server has moved on; the page needs a fresh start.